 Dungeon Crawl Stone Soup version 0.26.1-11-gd32895ea62 (webtiles) character file.

Game seed: 12034641575516520241

18 ubername the Chiller (level 2, -3/19 HPs)
             Began as a Barachi Ice Elementalist on July 6, 2021.
             Was an Initiate of Nemelex Xobeh.
             Slain by a gnoll
             ... wielding a +0 whip
              (8 damage)
             ... on level 2 of the Dungeon.
             The game lasted 00:01:48 (624 turns).

ubername the Chiller (Barachi Ice Elementalist)      Turns: 624, Time: 00:01:50

Health: -3/19      AC:  2    Str:  9    XL:     2   Next: 70%
Magic:  1/5        EV: 12    Int: 15    God:    Nemelex Xobeh [......]
Gold:   52         SH:  0    Dex: 12    Spells: 5/6 levels left

rFire    . . .     SeeInvis .   e - +0 dagger
rCold    . . .     Faith    .   (no shield)
rNeg     . . .     Spirit   .   a - +0 robe
rPois    .         Reflect  .   (no helmet)
rElec    .         Harm     .   (no cloak)
rCorr    .         Rampage  .   (no gloves)
Will     .....                  (no boots)
Stlth    ++........             (no amulet)
HPRegen  0.06/turn              (no ring)
MPRegen  0.09/turn              (no ring)

@: slow
A: +LOS, swims, slowness 1, strong legs 1
a: Hop, Renounce Religion, Draw Escape, Draw Destruction, Draw Summoning


You were on level 2 of the Dungeon.
You worshipped Nemelex Xobeh.
Nemelex Xobeh was noncommittal.
You visited 1 branch of the dungeon, and saw 2 of its levels.

You collected 52 gold pieces.

Inventory:

Hand Weapons
 b - a +0 whip
 e - a +0 dagger (weapon)
Armour
 a - a +0 robe (worn)
Scrolls
 c - a scroll of remove curse {unknown}
 d - a scroll of identify {unknown}


   Skills:
 + Level 2.3 Dodging
 + Level 1.8 Stealth
 + Level 2.7 Spellcasting
 + Level 5.2 Ice Magic


You had 5 spell levels left.
You knew the following spells:

 Your Spells              Type           Power        Failure   Level
a - Freeze                Ice            68%          2%          1

Your spell library contained the following spells:

 Spells                   Type           Power        Failure   Level
 Frozen Ramparts          Ice            34%          8%          3
 Ozocubu's Armour         Ice            17%          8%          3
 Hailstorm                Conj/Ice       9%           56%         4
 Summon Ice Beast         Ice/Summ       9%           56%         4


Dungeon Overview and Level Annotations

Branches:
Dungeon (2/15)

Altars:
Nemelex Xobeh


Innate Abilities, Weirdness & Mutations

You can be seen from farther away. (+LOS)
You can swim through water.
You cover ground slowly.
You can hop short distances.


Message History

The rat barely misses you. The gnoll hits you with a +0 spear.
Casting: Freeze (safe; 2% risk of failure)
Confirm with . or Enter, or press ? or * to list all spells.
Aiming: Freeze (safe; 2% risk of failure)
Press: ? - help, Shift-Dir - straight line, f/p - gnoll
Aim: a gnoll, wielding a +0 spear (almost dead)
You freeze the gnoll.
You kill the gnoll!
The rat bites you.
* * * LOW HITPOINT WARNING * * *
Casting: Freeze (safe; 2% risk of failure)
Confirm with . or Enter, or press ? or * to list all spells.
Aiming: Freeze (safe; 2% risk of failure)
Press: ? - help, Shift-Dir - straight line, f - gnoll
Aim: a gnoll, wielding a +0 whip You freeze the gnoll.
The gnoll is moderately wounded.
The rat barely misses you. The gnoll hits you with a +0 whip!
You die...
Your body disappears without a glow.

#.#.# #...#
##.##
#.###########
#.g.....)....
#...)#######
##.#<# #g#.#
#@#.# #r#.#
#.#.# #.#.#
#.#.# #?#.#
..#.# ... .<.


You could see 2 gnolls and a rat.

Vanquished Creatures
  A gnoll (D:2)
  A goblin (D:1)
  3 hobgoblins
  A bat (D:1)
  2 kobolds (D:1)
  2 rats
10 creatures vanquished.

Notes
Turn   | Place    | Note
-------+----------+-------------------------------------------
     0 | D:1      | ubername the Barachi Ice Elementalist began the quest for
                  | the Orb.
     0 | D:1      | Reached XP level 1. HP: 13/13 MP: 3/3
   101 | D:1      | Reached skill level 5 in Ice Magic
   376 | D:1      | Reached XP level 2. HP: 13/19 MP: 1/5
   584 | D:2      | Found a sparkling altar of Nemelex Xobeh.
   590 | D:2      | Became a worshipper of Nemelex Xobeh the Trickster
   624 | D:2      | Slain by a gnoll

Illustrated notes

Levels and vault maps discovered:
D:1:      grunt_arrival_lava_bath, layout_loops_cross, st_stairs_1,
          minmay_octomino_e4
D:2:      layout_loops_ring, fedhas_altar_2, nemelex_xobeh_ov_fountains_minmay,
          serial_undead, serial_undead_e, serial_undead_a, serial_undead_c,
          serial_undead_c, serial_undead_a

Skill      XL: |  1 |
---------------+----+-----
Ice Magic      | 5 |  5.2
Dodging        | |  2.3
Stealth        | |  1.8
Spellcasting   | |  2.7

Action                   || total
-------------------------++-------
Melee: Dagger            ||    11
       Unarmed           ||     1
 Cast: Freeze            ||    20
Armor: Robe              ||     4
Dodge: Dodged            ||    20
